 Dungeon Crawl Stone Soup version 0.23.2 (webtiles) character file.

Game seed: 14191074251486368943

3201 Leeroy the Destroyer (level 9, -18/79 HPs)
             Began as a Red Draconian Conjurer on Apr 13, 2019.
             Was an Initiate of Vehumet.
             Demolished by Joseph
             ... wielding a +0 quarterstaff
              (29 damage)
             ... on level 8 of the Dungeon.
             The game lasted 00:27:24 (9970 turns).

Leeroy the Destroyer (Red Draconian Conjurer)       Turns: 9970, Time: 00:27:25

Health: -18/79     AC:  8    Str:  8 (10) XL:     9   Next: 65%
Magic:  3/12       EV: 13    Int: 17 (19) God:    Vehumet [......]
Gold:   361        SH:  3    Dex:  9 (12) Spells: 2/12 levels left

rFire    + . .     SeeInvis .   U - +3 scimitar of Okloseru {slice, rPois rC+} (curse)
rCold    + . .     Gourm    .   H - +0 buckler
rNeg     . . .     Faith    .   (armour unavailable)
rPois    +         Spirit   .   (helmet restricted)
rElec    .         Reflect  .   (no cloak)
rCorr    .         Harm     .   (no gloves)
MR       .....                  S - +0 pair of boots
Stlth    ++........             (no amulet)
HPRegen  0.23/turn              (no ring)
MPRegen  0.13/turn              (no ring)

@: no status effects
A: breathe fire, unfitting armour, fire resistance 1, cold-blooded, AC +7
a: Breathe Fire, Renounce Religion


You were on level 8 of the Dungeon.
You worshipped Vehumet.
Vehumet was noncommittal.
You were not hungry.

You visited 2 branches of the dungeon, and saw 9 of its levels.

You collected 601 gold pieces.
You spent 240 gold pieces at shops.

Inventory:

Hand Weapons
 a - a +0 long sword
 d - a +0 dagger of holy wrath
 f - a +4 trident
 g - a +0 shortbow
 h - a +0 dagger of speed
 i - a +0 whip
 j - a +0 hunting sling
 p - a +0 short sword
 q - a +0 hunting sling
 v - a cursed -3 trident
 y - a +0 blowgun
 B - a +0 great sword
 F - a +0 rapier
 L - a +0 war axe of electrocution
 M - a +6 long sword
 N - a +0 scimitar
 U - the cursed +3 scimitar of Okloseru (weapon) {slice, rPois rC+}
   (You found it on level 6 of the Dungeon)

   It inflicts extra damage upon your enemies.
   It protects you from cold.
   It protects you from poison.
   It has a curse placed upon it.
 V - a +2 whip of electrocution
Missiles
 e - 58 bolts
 o - 205 stones (quivered)
 t - 44 poisoned needles
 A - 100 arrows
 C - 6 curare-tipped needles
 J - 5 needles of confusion
 Q - 5 tomahawks
 X - 52 sling bullets
Armour
 H - a +0 buckler (worn)
 S - a +0 pair of boots (worn)
Wands
 O - a wand of acid (3)
 P - a wand of flame (21)
 R - a wand of iceblast (7)
 T - a wand of clouds (4)
Scrolls
 c - 3 scrolls of teleportation
 l - 6 scrolls of fear
 r - a scroll of remove curse {unknown}
 u - a scroll of amnesia {unknown}
 z - a scroll of fog {unknown}
 E - a scroll of blinking {unknown}
 G - 2 scrolls of identify
 W - a scroll of magic mapping {unknown}
Potions
 k - a potion of might
 m - a potion of flight {unknown}
 s - a potion of ambrosia {unknown}
 w - 2 potions of brilliance
 x - a potion of magic {unknown}
 D - a potion of curing
 I - a potion of resistance {unknown}
 Y - a potion of lignification {unknown}
 Z - a potion of degeneration
Miscellaneous
 K - a sack of spiders
Comestibles
 b - 4 rations
 n - 5 chunks of flesh


   Skills:
 - Level 7.2 Fighting
 - Level 6.0 Long Blades
 + Level 6.0 Dodging
 - Level 1.7 Stealth
 - Level 2.0 Spellcasting
 - Level 9.0 Conjurations


You had 2 spell levels left.
You knew the following spells:

 Your Spells              Type           Power        Failure   Level  Hunger
a - Magic Dart            Conj           ####         1%          1    #......
b - Searing Ray           Conj           ####..       1%          2    ###....
c - Dazzling Spray        Conj/Hex       ###...       16%         3    ###....
d - Iskenderun's Mystic   Conj           ####....     8%          4    #####..

Your spell library contained the following spells:

 Spells                   Type           Power        Failure   Level  Hunger
 Beastly Appendage        Tmut           #.....       32%         1    #......
 Sticks to Snakes         Tmut           #.......     43%         2    ###....
 Force Lance              Conj/Tloc      ###.....     45%         4    #####..
 Fulminant Prism          Conj/Hex       ###.......   45%         4    #####..
 Spider Form              Tmut/Pois      #.........   67%         3    ###....
 Ice Form                 Ice/Tmut       #.......     97%         4    #####..
 Blade Hands              Tmut           #.........   100%        5    ######.


Dungeon Overview and Level Annotations

Branches:
Dungeon (8/15)             Temple (1/1) D:7            Lair (0/6) D:8

Altars:
Ashenzari
Cheibriados
Dithmenos
Elyvilon
Fedhas
Gozag
Hepliaklqana
Kikubaaqudgha
Makhleb
Nemelex Xobeh
Okawaru
Qazlal
Ru
Sif Muna
Trog
Uskayaw
Vehumet
Wu Jian
Xom
Yredelemnul
Zin
The Shining One

Shops:
D:5 }   D:8 %

Annotations:
D:8 Joseph


Innate Abilities, Weirdness & Mutations

You can breathe blasts of fire.
Your fiery red scales are hard. (AC +7)
You cannot fit into any form of body armour.
Your flesh is heat resistant. (rF+)
You are cold-blooded and may be slowed by cold attacks.


Message History

The elephant trunk-slaps you but does no damage.
You climb downwards.
A slave and Joseph come into view.
Joseph drinks a potion.
Joseph goes berserk!
Found a stone staircase leading down.
There is a stone staircase leading up here.
Unknown command.
Joseph hits you with a +0 quarterstaff! The elephant tramples you!
* * * LOW HITPOINT WARNING * * *
You stumble backwards!
You stop ascending the stairs.
Unknown command.
Okay, then.
It was a potion of degeneration.
There was something very wrong with that liquid.
You feel weakened.
You feel dopey.
You feel clumsy. The elephant tramples you.
* * * LOW HITPOINT WARNING * * *
You hold your ground!
The elephant closely misses you.
Joseph hits you with a +0 quarterstaff!!
You die...

#................
#.....^###..........
######.. #..........
######......#......
##.........###......
... ...............
#.. .#.............
#>##.....#####.....
##@@....... ........
#.Y####...######....
#.....# # ....#.....
#.....# .. #..##..
#####p. ... #......
##. P.P..#..#... ..
.$PP.#.#.... ..
............ ...
............


You could see an elephant, Joseph (berserk) and a slave.

Vanquished Creatures
  A hippogriff (D:7)
  A basilisk (D:7)
  2 phantoms
  A sky beast (D:7)
  A necrophage (D:6)
  An ice beast (D:8)
  2 centaurs
  3 ogres
  A crocodile (D:7)
  Blork the orc (D:4)
  5 bullfrogs
  2 scorpions
  10 killer bees
  5 wights (D:6)
  A howler monkey (D:8)
  4 crimson imps
  2 jellies (D:6)
  2 orc priests
  3 hounds
  Ijyb (D:4)
  4 orc wizards
  3 worker ants
  2 hound zombies
  2 hound skeletons
  A howler monkey skeleton (D:6)
  7 adders
  2 shadow imps
  3 oozes
  2 worms
  2 dart slugs
  3 leopard geckos
  15 orcs
  4 giant cockroaches
  7 goblins
  9 hobgoblins
  3 jackals (D:3)
  2 quokkas
  9 bats
  2 frilled lizards
  A jackal zombie (D:5)
  6 kobolds
  6 rats
144 creatures vanquished.

Notes
Turn   | Place    | Note
-------+----------+-------------------------------------------
     0 | D:1      | Leeroy the Draconian Conjurer began the quest for the Orb.
     0 | D:1      | Reached XP level 1. HP: 14/14 MP: 3/3
    68 | D:1      | Reached XP level 2. HP: 9/20 MP: 3/5
   163 | D:1      | Learned a level 2 spell: Searing Ray
   426 | D:1      | Reached skill level 1 in Fighting
   664 | D:2      | Reached XP level 3. HP: 26/29 MP: 3/6
   676 | D:2      | Learned a level 3 spell: Dazzling Spray
  1072 | D:2      | Reached skill level 5 in Conjurations
  1523 | D:3      | Reached XP level 4. HP: 36/36 MP: 3/7
  1655 | D:3      | Found a hide-covered altar of Uskayaw.
  1925 | D:3      | Reached skill level 1 in Long Blades
  2307 | D:4      | Reached XP level 5. HP: 31/41 MP: 8/8
  2393 | D:4      | Noticed Blork the orc
  2434 | D:4      | Killed Blork the orc
  2746 | D:4      | Noticed an ogre
  2953 | D:4      | Killed an ogre
  2953 | D:4      | Reached XP level 6. HP: 36/48 MP: 0/9
  3037 | D:4      | Reached skill level 5 in Long Blades
  3054 | D:4      | Noticed Ijyb
  3061 | D:4      | Paralysed by Ijyb for 6 turns
  3103 | D:4      | Killed Ijyb
  3388 | D:5      | Entered Level 5 of the Dungeon
  3445 | D:5      | Your scales start taking on a fiery red colour.
  3445 | D:5      | Reached XP level 7. HP: 21/55 MP: 3/10
  3445 | D:5      | Gained mutation: Your flesh is heat resistant. (rF+) [Red
                  | Draconian growth]
  3923 | D:5      | Found Yghelex's Gadget Emporium.
  3935 | D:5      | Bought a sack of spiders for 240 gold pieces
  4810 | D:6      | Reached skill level 5 in Fighting
  4909 | D:6      | Reached XP level 8. HP: 31/70 MP: 3/11
  5950 | D:6      | Learned a level 4 spell: Iskenderun's Mystic Blast
  6455 | D:6      | Got a smoking scimitar
  6456 | D:6      | Identified the cursed +3 scimitar of Okloseru {slice, rPois
                  | rC+} (You found it on level 6 of the Dungeon)
  6566 | D:6      | Reached skill level 6 in Conjurations
  6989 | D:7      | Found a staircase to the Ecumenical Temple.
  6995 | Temple   | Entered the Ecumenical Temple
  7116 | Temple   | Became a worshipper of Vehumet
  7641 | D:7      | Reached skill level 7 in Conjurations
  7711 | D:7      | Reached XP level 9. HP: 72/79 MP: 7/12
  7813 | D:6      | Reached skill level 8 in Conjurations
  8897 | D:8      | Found Rani's Food Shoppe.
  8931 | D:8      | Reached skill level 9 in Conjurations
  9386 | D:7      | Reached skill level 5 in Dodging
  9920 | D:8      | Found a staircase to the Lair.
  9920 | D:8      | Noticed an elephant
  9968 | D:8      | Noticed Joseph
  9970 | D:8      | Demolished by Joseph

Skill      XL: |  1  2  3  4  5  6  7  8  9 |
---------------+----------------------------+-----
Fighting       | 2 6 7 |  7.2
Conjurations   | 5 7 9 |  9.0
Long Blades    | 2 4 5 6 |  6.0
Dodging        | 4 6 |  6.0
Stealth        | |  1.7
Spellcasting   | |  2.0

Action                   |  1- 3 |  4- 6 |  7- 9 || total
-------------------------+-------+-------+-------++-------
Melee: Unarmed           |    16 |       |       ||    16
       Dagger            |    29 |       |     1 ||    30
       Tailslap          |     3 |    17 |    29 ||    49
       Short sword       |    33 |       |       ||    33
       Long sword        |     2 |   126 |   103 ||   231
       Rapier            |       |    13 |       ||    13
       Scimitar          |       |       |    95 ||    95
Throw: Stone             |       |       |     3 ||     3
 Cast: Magic Dart        |    24 |     8 |    22 ||    54
       Searing Ray       |     9 |     6 |     8 ||    23
       Dazzling Spray    |       |     8 |    13 ||    21
       Iskenderun's Myst |       |       |    11 ||    11
 Abil: Breathe Fire      |       |       |     6 ||     6
  Use: Scroll            |       |     5 |     7 ||    12
       Potion            |       |     2 |     5 ||     7
 Stab: Sleeping          |     3 |     2 |     2 ||     7
       Invisible         |       |     5 |     5 ||    10
  Eat: Chunk             |     2 |     8 |    14 ||    24
       Ration            |       |       |     4 ||     4
Armor: Skin              |    48 |    38 |    84 ||   170
Dodge: Dodged            |    76 |    95 |   217 ||   388
Block: Buckler           |       |     3 |    32 ||    35
       Rpst.: Long sword |       |    26 |    22 ||    48
       Scimitar          |       |       |    44 ||    44
